cohdb
Replays
Latest Replays
All Replays
Popular Replays
Top Player Replays
Match Explorer
How It Works
Community
CoH3 Stats
Reddit
Sign in to upload your games and track your stats! →
Sign in with Steam
Match 43404552
Unlisted
Match 43404552
Overview
Messages
Build Orders
End
Selects Italian Combined Arms Battlegroup
Selects Bersaglieri Squad
Bersaglieri Squad
Kradschützen Motorcycle Team
Bersaglieri Squad
Panzergrenadier Squad
Construct Light Support Kompanie
Fire Support Elements
Bersaglieri Squad
Panzerjäger Mechanized Group
Selects Bersaglieri Bolster
Selects Semovente da 75/18 Assault Gun
Flakvierling Half-track
Selects Carro Armato M13/40 Light Tank
ThreekidsinaTrenchcoat
Polka_Pete
0
0
Comments
sign in to comment!
No comments posted yet!